Blue Jackets vs Predators
Created - November 24, 2019 at 20:37
Goals
|
| Blue Jackets |
3 |
1 |
0 |
0 |
4 |
| Predators |
2 |
2 |
0 |
1 |
5 |
|
Shots
|
| Blue Jackets |
15 |
3 |
8 |
0 |
26 |
| Predators |
10 |
6 |
18 |
2 |
36 |
|
1st period
1. Predators , Nik Antropov 3 (Niclas Bergfors 6, Alexander Steen 7) at 0:33
2. Blue Jackets , Max Pacioretty 4 (Branislav Mezei 4) at 0:48
3. Blue Jackets , Max Pacioretty 5 (Mike Comrie 4, Rick DiPietro) at 9:13
4. Blue Jackets , Devin Setoguchi 6 (Peter Mueller 4, Derek Boogaard 6) at 11:43 (PP)
5. Predators , Mikael Granlund 7 (Alexander Edler 9, Ryan Mcdonagh 5) at 17:16 (PP)
Penalties :
Mikael Granlund (Nas) for Hooking (Minor) at 6:46, Alexander Edler (Nas) for Tripping (Minor) at 10:18, Rick DiPietro (Clb) for Slashing (Minor) at 16:58 - Max Pacioretty served the penalty
2nd period
6. Predators , Ryan Murray 1 (Niclas Bergfors 7, John Moore 9) at 1:51
7. Predators , Scott Laughton 1 (Justin Abdelkader 5, John Moore 10) at 14:38
8. Blue Jackets , Max Pacioretty 6 (Mike Comrie 5, Andreas Nodl 4) at 18:25
Penalties :
Nik Antropov (Nas) for Roughing (Minor) at 2:15, Nik Antropov (Nas) for Hooking (Minor) at 18:28
3rd period
No Goal
Penalties :
Mikael Granlund (Nas) for Hooking (Minor) at 4:24, Branislav Mezei (Clb) for High sticking (Minor) at 9:02, A.J Thelen (Clb) for Cross-checking (Minor) at 13:50, Adam Burish (Nas) for Holding (Minor) at 19:58
Overtime #1
9. Predators , Ryan Mcdonagh 1 (Alexander Edler 10) at 0:39 (SH)
Penalties :
No Penalty
Goalie Stats
Rick DiPietro (Clb), 31 saves from 36 shots - (0.861), OTL, 8-2-4, 60:39 minutes
Anders Lindback (Nas), 22 saves from 26 shots - (0.846), W, 1-2-1, 60:39 minutes
Players Stats for Blue Jackets
Player Name G A P +/- PIM S H SB GA TA FO MP PP MP PK MP
------------------------------------------------------------------------------------
A.J Thelen 0 0 0 0 2 0 1 4 0 0 0/0 12:06 0:00 0:23
Andreas Nodl 0 1 1 1 0 0 1 0 1 0 0/0 11:38 0:00 0:00
Artemi Panarin 0 0 0 0 0 9 3 1 0 0 1/3 23:46 5:12 2:24
Branislav Mezei 0 1 1 0 2 0 2 0 0 0 0/0 20:07 3:56 0:50
Cam Fowler 0 0 0 -1 0 0 3 0 0 0 0/0 28:18 5:26 2:27
Cody Eakin 0 0 0 1 0 0 0 0 1 0 2/2 8:30 0:00 1:16
Derek Boogaard 0 1 1 -3 0 3 1 0 0 0 0/1 18:54 4:10 2:17
Devin Setoguchi 1 0 1 -2 0 1 0 0 1 0 1/1 16:04 4:10 0:00
Eric Wellwood 0 0 0 1 0 0 1 0 0 0 0/0 7:51 0:00 0:31
Martin Havlat 0 0 0 0 0 1 1 0 0 0 1/1 21:44 5:12 1:02
Max Pacioretty 3 0 3 0 0 5 1 0 0 1 0/0 11:49 0:00 0:00
Mike Comrie 0 2 2 1 0 3 3 0 0 0 2/7 11:56 0:00 0:00
Mike Lundin 0 0 0 -1 0 0 1 2 0 1 0/0 28:18 5:26 2:27
Pavel Datsyuk 0 0 0 0 0 0 2 1 1 1 12/33 21:23 5:12 1:02
Peter Mueller 0 1 1 -2 0 1 2 0 1 0 6/9 16:04 4:10 0:00
Rob Scuderi 0 0 0 0 0 1 4 1 0 1 0/0 20:40 3:56 1:49
Ryan Wilson 0 0 0 0 0 1 0 0 0 0 0/0 12:17 0:00 0:36
Tyler Kennedy 0 0 0 1 0 1 1 0 0 1 0/0 6:53 0:00 0:00
Players Stats for Predators
Player Name G A P +/- PIM S H SB GA TA FO MP PP MP PK MP
------------------------------------------------------------------------------------
Adam Burish 0 0 0 1 2 0 1 0 1 0 0/0 13:20 0:00 5:04
Alexander Edler 0 2 2 0 2 1 1 2 2 0 0/0 27:15 2:32 5:37
Alexander Ovechkin 0 0 0 -1 0 5 2 1 0 0 0/1 23:01 2:20 3:35
Alexander Steen 0 1 1 2 0 1 1 0 1 0 3/3 15:57 1:56 0:17
Andy Miele 0 0 0 -2 0 1 0 0 0 0 2/3 10:13 1:56 0:00
Brendan Gallagher 0 0 0 -1 0 3 1 0 0 1 1/2 21:14 2:20 2:00
Byron Bitz 0 0 0 -2 0 0 1 1 0 1 0/1 11:28 0:00 2:38
Denis Grebeshkov 0 0 0 -1 0 0 1 0 0 0 0/0 11:02 0:00 0:00
James Van Riemsdyk 0 0 0 -2 0 2 1 0 0 0 1/1 8:24 0:00 0:00
John Moore 0 2 2 2 0 1 1 0 0 1 0/0 21:07 1:44 3:36
Justin Abdelkader 0 1 1 1 0 2 0 1 0 0 6/11 13:39 0:00 5:18
Mikael Granlund 1 0 1 -1 4 6 0 0 0 0 12/24 18:44 2:20 0:00
Nate Schmidt 0 0 0 -1 0 2 0 1 0 0 0/0 14:34 0:00 3:36
Niclas Bergfors 0 2 2 2 0 5 0 0 0 0 0/1 14:21 1:56 0:00
Nik Antropov 1 0 1 2 4 4 0 1 0 0 6/8 13:10 0:00 0:00
Ryan Mcdonagh 1 1 2 0 0 1 1 2 1 1 0/0 28:04 2:32 6:25
Ryan Murray 1 0 1 2 0 1 1 0 0 0 0/0 18:23 1:44 0:48
Scott Laughton 1 0 1 2 0 1 1 0 0 1 1/2 8:33 0:00 0:31
3 Stars
1 - Max Pacioretty (Clb)
2 - Ryan Mcdonagh (Nas)
3 - Scott Laughton (Nas)
Power Play
Blue Jackets - 1 on 6 Attempt(s) - 16.67%
Predators - 1 on 3 Attempt(s) - 33.33%
Penalty Kill
Blue Jackets - 2 on 3 Attempt(s) - 66.67%
- Score 0 goal in Penalty Kill
Predators - 5 on 6 Attempt(s) - 83.33%
- Score 1 goal in Penalty Kill
Team Stat
Blue Jackets - Hits : 27 - Faceoff Wins : 25 - Blocked Shots : 9 - Penalty Minutes : 6
Predators - Hits : 13 - Faceoff Wins : 32 - Blocked Shots : 9 - Penalty Minutes : 12
Official
Referees : Unknown
Linesman : Unknown
Game Notes
Max Pacioretty has scored a Hat Trick!
Finance
Level 1 -- Attendance: 4919 (81.98%) -- Ticket Income $565,685
Level 2 -- Attendance: 3464 (69.28%) -- Ticket Income $259,800
Level 3 -- Attendance: 1378 (68.90%) -- Ticket Income $68,900
Level 4 -- Attendance: 2896 (72.40%) -- Ticket Income $107,152
Luxury Box -- Attendance: 748 (74.80%) -- Ticket Income $160,820
Game was played at the Wildcat center.
Total Attendance: 13405 (74.47%)
Total Ticket Income: $1,162,357
Other Income: $174,354
Total Income: $1,336,711
Blue Jackets
5 vs 5 Forward
Center Left Wing Right Wing Time % Phy DF OF
1 Pavel Datsyuk Artemi Panarin Martin Havlat 40 1 2 2
2 Peter Mueller Derek Boogaard Devin Setoguchi 30 1 2 2
3 Mike Comrie Max Pacioretty Andreas Nodl 20 1 2 2
4 Cody Eakin Eric Wellwood Tyler Kennedy 10 1 2 2
5 vs 5 Defense
Defense Defense Time % Phy DF OF
1 Mike Lundin Cam Fowler 40 1 2 2
2 Branislav Mezei Rob Scuderi 30 1 2 2
3 A.J Thelen Ryan Wilson 20 1 2 2
4 Mike Lundin Cam Fowler 10 1 2 2
PowerPlay Forward
Center Left Wing Right Wing Time % Phy DF OF
1 Pavel Datsyuk Artemi Panarin Martin Havlat 60 1 2 2
2 Peter Mueller Derek Boogaard Devin Setoguchi 40 1 2 2
PowerPlay Defense
Defense Defense Time % Phy DF OF
1 Mike Lundin Cam Fowler 60 1 2 2
2 Branislav Mezei Rob Scuderi 40 1 2 2
Penalty Kill 4 Players Forward
Center Wing Time % Phy DF OF
1 Artemi Panarin Derek Boogaard 60 1 2 2
2 Pavel Datsyuk Martin Havlat 40 1 2 2
Penalty Kill 4 Players Defense
Defense Defense Time % Phy DF OF
1 Mike Lundin Cam Fowler 60 1 2 2
2 Branislav Mezei Rob Scuderi 40 1 2 2
Penalty Kill - 3 Players Forward
Forward Time % Phy DF OF
1 Artemi Panarin 60 1 2 2
2 Derek Boogaard 40 1 2 2
Penalty Kill - 3 Players Defense
Defense Defense Time % Phy DF OF
1 Mike Lundin Cam Fowler 60 1 2 2
2 Branislav Mezei Rob Scuderi 40 1 2 2
4 vs 4 Forward
Center Wing Time % Phy DF OF
1 Artemi Panarin Derek Boogaard 60 1 2 2
2 Pavel Datsyuk Martin Havlat 40 1 2 2
4 vs 4 Defense
Defense Defense Time % Phy DF OF
1 Mike Lundin Cam Fowler 60 1 2 2
2 Branislav Mezei Rob Scuderi 40 1 2 2
Last Minutes Offensive
Center Left Wing Right Wing Defense Defense
Pavel Datsyuk Artemi Panarin Martin Havlat Mike Lundin Cam Fowler
Last Minutes Defensive
Center Left Wing Right Wing Defense Defense
Pavel Datsyuk Artemi Panarin Martin Havlat Mike Lundin Cam Fowler
Goaltenders
Starting : Rick DiPietro
Backup : Andrei Vasilevskiy
Extra Forwards
Normal : Max Pacioretty, Mike Comrie, Cody Eakin - PP : Max Pacioretty, Mike Comrie - PK : Cody Eakin
Extra Defensemen
Normal : A.J Thelen, Ryan Wilson, Branislav Mezei - PP : A.J Thelen - PK : Ryan Wilson, Branislav Mezei
Penalty Shots
Artemi Panarin, Derek Boogaard, Pavel Datsyuk, Martin Havlat, Max Pacioretty
Scratches
Kevin Porter (Healthy)
Predators
5 vs 5 Forward
Center Left Wing Right Wing Time % Phy DF OF
1 Mikael Granlund Alexander Ovechkin Brendan Gallagher 40 1 1 3
2 Nik Antropov Alexander Steen Niclas Bergfors 30 1 2 2
3 Andy Miele James Van Riemsdyk Byron Bitz 16 1 2 2
4 Scott Laughton Justin Abdelkader Adam Burish 14 3 0 2
5 vs 5 Defense
Defense Defense Time % Phy DF OF
1 Ryan Mcdonagh Alexander Edler 40 1 2 2
2 John Moore Ryan Murray 30 1 2 2
3 Nate Schmidt Denis Grebeshkov 20 1 2 2
4 Ryan Mcdonagh Alexander Edler 10 1 2 2
PowerPlay Forward
Center Left Wing Right Wing Time % Phy DF OF
1 Mikael Granlund Alexander Ovechkin Brendan Gallagher 60 1 1 3
2 Andy Miele Alexander Steen Niclas Bergfors 40 1 1 3
PowerPlay Defense
Defense Defense Time % Phy DF OF
1 Ryan Mcdonagh Alexander Edler 60 1 1 3
2 John Moore Ryan Murray 40 1 1 3
Penalty Kill 4 Players Forward
Center Wing Time % Phy DF OF
1 Justin Abdelkader Adam Burish 60 1 2 2
2 Alexander Ovechkin Byron Bitz 40 1 2 2
Penalty Kill 4 Players Defense
Defense Defense Time % Phy DF OF
1 Ryan Mcdonagh Alexander Edler 60 1 3 1
2 John Moore Nate Schmidt 40 1 3 1
Penalty Kill - 3 Players Forward
Forward Time % Phy DF OF
1 Adam Burish 60 1 2 2
2 Brendan Gallagher 40 1 2 2
Penalty Kill - 3 Players Defense
Defense Defense Time % Phy DF OF
1 Ryan Mcdonagh Alexander Edler 60 1 3 1
2 John Moore Nate Schmidt 40 1 3 1
4 vs 4 Forward
Center Wing Time % Phy DF OF
1 Mikael Granlund Alexander Ovechkin 60 1 2 2
2 Andy Miele Niclas Bergfors 40 1 2 2
4 vs 4 Defense
Defense Defense Time % Phy DF OF
1 Ryan Mcdonagh Alexander Edler 60 1 2 2
2 John Moore Ryan Murray 40 1 2 2
Last Minutes Offensive
Center Left Wing Right Wing Defense Defense
Mikael Granlund Alexander Ovechkin Brendan Gallagher Ryan Mcdonagh Alexander Edler
Last Minutes Defensive
Center Left Wing Right Wing Defense Defense
Andy Miele Alexander Ovechkin Brendan Gallagher Ryan Mcdonagh Alexander Edler
Goaltenders
Starting : Anders Lindback
Backup : Viktor Fasth
Extra Forwards
Normal : Alexander Steen, Justin Abdelkader, Adam Burish - PP : James Van Riemsdyk, Justin Abdelkader - PK : Brendan Gallagher
Extra Defensemen
Normal : Ryan Murray, Nate Schmidt, John Moore - PP : Denis Grebeshkov - PK : Ryan Murray, Denis Grebeshkov
Penalty Shots
Alexander Ovechkin, Niclas Bergfors, James Van Riemsdyk, Mikael Granlund, Alexander Steen
Scratches
Dmitri Kalinin (Healthy), Ryan Kesler (Right Eye Injury)
% Time on Ice - Blue Jackets
Lines # - Real PCT - Wanted PCT - Time Play
Normal Forward
1 - 34% - 40% - 15:33
2 - 27% - 30% - 12:18
3 - 25% - 20% - 11:38
4 - 15% - 10% - 6:53
Normal Defense
1 - 39% - 40% - 18:00
2 - 32% - 30% - 14:44
3 - 25% - 20% - 11:41
4 - 4% - 10% - 1:57
PP Forward
1 - 56% - 60% - 5:12
2 - 44% - 40% - 4:10
PP Defense
1 - 58% - 60% - 5:26
2 - 42% - 40% - 3:56
PK Forward
1 - 76% - 60% - 3:14
2 - 24% - 40% - 1:02
PK Defense
1 - 57% - 60% - 2:27
2 - 43% - 40% - 1:49
PK3 Forward
1 - 0% - 60%
2 - 0% - 40%
PK3 Defense
1 - 0% - 60%
2 - 0% - 40%
44 Forward
1 - 100% - 60% - 0:39
2 - 0% - 40% - 0:00
44 Defense
1 - 72% - 60% - 0:28
2 - 28% - 40% - 0:11
Last Minute Offensive - 0:00
Last Minute Defensive - 0:00
Total
Forward - 60:39
Defense - 60:39
|
% Time on Ice - Predators
Lines # - Real PCT - Wanted PCT - Time Play
Normal Forward
1 - 38% - 40% - 17:43
2 - 27% - 30% - 12:25
3 - 18% - 16% - 8:24
4 - 17% - 14% - 7:50
Normal Defense
1 - 39% - 40% - 17:52
2 - 34% - 30% - 15:47
3 - 24% - 20% - 11:02
4 - 4% - 10% - 1:41
PP Forward
1 - 55% - 60% - 2:20
2 - 45% - 40% - 1:56
PP Defense
1 - 59% - 60% - 2:32
2 - 41% - 40% - 1:44
PK Forward
1 - 72% - 60% - 6:44
2 - 28% - 40% - 2:38
PK Defense
1 - 62% - 60% - 5:46
2 - 38% - 40% - 3:36
PK3 Forward
1 - 100% - 60% - 0:39
2 - 0% - 40% - 0:00
PK3 Defense
1 - 100% - 60% - 0:39
2 - 0% - 40% - 0:00
44 Forward
1 - 0% - 60%
2 - 0% - 40%
44 Defense
1 - 0% - 60%
2 - 0% - 40%
Last Minute Offensive - 0:00
Last Minute Defensive - 0:00
Total
Forward - 60:39
Defense - 60:39
|
Play-by-Play
1st period
0:01 of 1st period - Mikael Granlund wins face-off versus Pavel Datsyuk in neutral zone.
0:31 of 1st period - Snap shot by Niclas Bergfors.
0:31 of 1st period - Shot Misses the Net.
0:33 of 1st period - Wrist shot by Nik Antropov.
0:33 of 1st period - Goal by Nik Antropov - Blue Jackets : 0 - Predators : 1.
0:34 of 1st period - Andy Miele wins face-off versus Mike Comrie in neutral zone.
0:48 of 1st period - Wrist shot by Max Pacioretty.
0:48 of 1st period - Goal by Max Pacioretty - Blue Jackets : 1 - Predators : 1.
0:49 of 1st period - Cody Eakin wins face-off versus Justin Abdelkader in neutral zone.
1:49 of 1st period - Alexander Edler is hit by Artemi Panarin and loses puck.
2:28 of 1st period - Wrist shot by Cody Eakin.
2:28 of 1st period - Shot Misses the Net.
2:54 of 1st period - Snap shot by Justin Abdelkader.
2:54 of 1st period - Stopped by Rick DiPietro without a rebound.
2:55 of 1st period - Nik Antropov wins face-off versus Pavel Datsyuk in Blue Jackets zone.
3:10 of 1st period - Snap shot by Martin Havlat.
3:10 of 1st period - Stopped by Anders Lindback with a rebound.
3:12 of 1st period - Backhand shot by Martin Havlat.
3:12 of 1st period - Shot Misses the Net.
3:22 of 1st period - Cam Fowler is hit by Alexander Ovechkin.
3:34 of 1st period - Slapshot by Mikael Granlund.
3:34 of 1st period - Stopped by Rick DiPietro with a rebound.
3:46 of 1st period - Snap shot by Andy Miele.
3:46 of 1st period - Stopped by Rick DiPietro with a rebound.
4:39 of 1st period - Snap shot by Alexander Steen.
4:39 of 1st period - Stopped by Rick DiPietro with a rebound.
4:41 of 1st period - Snap shot by Nate Schmidt.
4:41 of 1st period - Stopped by Rick DiPietro with a rebound.
4:50 of 1st period - Icing by Devin Setoguchi.
4:51 of 1st period - Peter Mueller wins face-off versus Mikael Granlund in Blue Jackets zone.
5:48 of 1st period - Snap shot by Justin Abdelkader.
5:48 of 1st period - Shot Misses the Net.
6:02 of 1st period - Snap shot by Andy Miele.
6:02 of 1st period - Shot Blocked by A.J Thelen.
6:23 of 1st period - Snap shot by Artemi Panarin.
6:23 of 1st period - Stopped by Anders Lindback with a rebound.
6:25 of 1st period - Snap shot by Martin Havlat.
6:25 of 1st period - Deflect By Artemi Panarin.
6:25 of 1st period - Stopped by Anders Lindback without a rebound.
6:26 of 1st period - Mike Comrie wins face-off versus Mikael Granlund in Predators zone.
6:35 of 1st period - Snap shot by Max Pacioretty.
6:35 of 1st period - Stopped by Anders Lindback with a rebound.
6:46 of 1st period - Minor Penalty to Mikael Granlund for Hooking.
6:47 of 1st period - Pavel Datsyuk wins face-off versus Justin Abdelkader in Predators zone.
6:47 of 1st period - Slapshot by Artemi Panarin.
6:47 of 1st period - Stopped by Anders Lindback without a rebound.
6:48 of 1st period - Justin Abdelkader wins face-off versus Pavel Datsyuk in Predators zone.
7:59 of 1st period - Nate Schmidt is hit by Rob Scuderi and loses puck.
8:28 of 1st period - Mike Lundin is hit by Brendan Gallagher.
8:46 of 1st period - Penalty to Mikael Granlund is over, Mikael Granlund is back on ice.
8:53 of 1st period - Niclas Bergfors is hit by Mike Comrie and loses puck.
9:13 of 1st period - Snap shot by Max Pacioretty.
9:13 of 1st period - Goal by Max Pacioretty - Blue Jackets : 2 - Predators : 1.
9:14 of 1st period - Peter Mueller wins face-off versus Mikael Granlund in neutral zone.
10:01 of 1st period - Mike Comrie is hit by Adam Burish.
10:05 of 1st period - Alexander Edler is hit by Andreas Nodl and loses puck.
10:18 of 1st period - Minor Penalty to Alexander Edler for Tripping.
10:19 of 1st period - Justin Abdelkader wins face-off versus Pavel Datsyuk in Predators zone.
10:31 of 1st period - Slapshot by Rob Scuderi.
10:31 of 1st period - Stopped by Anders Lindback without a rebound.
10:32 of 1st period - Justin Abdelkader wins face-off versus Pavel Datsyuk in Predators zone.
11:06 of 1st period - Wrist shot by Derek Boogaard.
11:06 of 1st period - Stopped by Anders Lindback without a rebound.
11:07 of 1st period - Justin Abdelkader wins face-off versus Pavel Datsyuk in Predators zone.
11:07 of 1st period - Justin Abdelkader is hit by Artemi Panarin.
11:43 of 1st period - Slapshot by Devin Setoguchi.
11:43 of 1st period - Goal by Devin Setoguchi - Blue Jackets : 3 - Predators : 1.
11:44 of 1st period - Pavel Datsyuk wins face-off versus Mikael Granlund in neutral zone.
11:58 of 1st period - Alexander Edler is hit by Cam Fowler and loses puck.
12:22 of 1st period - Alexander Edler is hit by Derek Boogaard and loses puck.
12:33 of 1st period - Snap shot by Cody Eakin.
12:33 of 1st period - Shot Misses the Net.
12:35 of 1st period - Slapshot by Rob Scuderi.
12:35 of 1st period - Shot Blocked by Ryan Mcdonagh.
12:37 of 1st period - Snap shot by Tyler Kennedy.
12:37 of 1st period - Stopped by Anders Lindback without a rebound.
12:38 of 1st period - Cody Eakin wins face-off versus Mikael Granlund in Predators zone.
12:49 of 1st period - Snap shot by Brendan Gallagher.
12:49 of 1st period - Shot Misses the Net.
13:27 of 1st period - Snap shot by Derek Boogaard.
13:27 of 1st period - Shot Blocked by Justin Abdelkader.
13:29 of 1st period - Snap shot by Derek Boogaard.
13:29 of 1st period - Deflect By John Moore.
13:29 of 1st period - Shot Misses the Net.
13:29 of 1st period - Puck is out of play.
13:30 of 1st period - Pavel Datsyuk wins face-off versus Mikael Granlund in Predators zone.
13:39 of 1st period - Martin Havlat is hit by Alexander Ovechkin and loses puck.
15:23 of 1st period - Derek Boogaard is hit by Alexander Steen and loses puck.
16:15 of 1st period - Snap shot by Mikael Granlund.
16:15 of 1st period - Stopped by Rick DiPietro without a rebound.
16:16 of 1st period - Nik Antropov wins face-off versus Pavel Datsyuk in Blue Jackets zone.
16:47 of 1st period - Icing by Brendan Gallagher.
16:48 of 1st period - Mikael Granlund wins face-off versus Mike Comrie in Predators zone.
16:58 of 1st period - Wrist shot by Mikael Granlund.
16:58 of 1st period - Stopped by Rick DiPietro without a rebound.
16:58 of 1st period - Minor Penalty to Rick DiPietro for Slashing.
16:59 of 1st period - Mikael Granlund wins face-off versus Artemi Panarin in Blue Jackets zone.
17:14 of 1st period - Slapshot by Alexander Edler.
17:14 of 1st period - Shot Blocked by Artemi Panarin.
17:16 of 1st period - Slapshot by Mikael Granlund.
17:16 of 1st period - Goal by Mikael Granlund - Blue Jackets : 3 - Predators : 2.
17:17 of 1st period - Pavel Datsyuk wins face-off versus Mikael Granlund in neutral zone.
17:20 of 1st period - Slapshot by Cam Fowler.
17:20 of 1st period - Deflect By Artemi Panarin.
17:20 of 1st period - Stopped by Anders Lindback with a rebound.
17:53 of 1st period - Snap shot by Derek Boogaard.
17:53 of 1st period - Stopped by Anders Lindback with a rebound.
18:11 of 1st period - Wrist shot by James Van Riemsdyk.
18:11 of 1st period - Stopped by Rick DiPietro without a rebound.
18:12 of 1st period - Pavel Datsyuk wins face-off versus Byron Bitz in Blue Jackets zone.
18:43 of 1st period - Slapshot by Branislav Mezei.
18:43 of 1st period - Shot Blocked by Byron Bitz.
18:45 of 1st period - Slapshot by Branislav Mezei.
18:45 of 1st period - Deflect By Derek Boogaard.
18:45 of 1st period - Deflect By Andy Miele.
18:45 of 1st period - Stopped by Anders Lindback without a rebound.
18:46 of 1st period - Mikael Granlund wins face-off versus Pavel Datsyuk in Predators zone.
18:46 of 1st period - Mikael Granlund is hit by Pavel Datsyuk.
18:53 of 1st period - Wrist shot by Artemi Panarin.
18:53 of 1st period - Stopped by Anders Lindback without a rebound.
18:54 of 1st period - Pavel Datsyuk wins face-off versus Alexander Ovechkin in Predators zone.
19:15 of 1st period - Snap shot by Alexander Edler.
19:15 of 1st period - Shot Blocked by Mike Lundin.
19:31 of 1st period - Slapshot by Ryan Mcdonagh.
19:31 of 1st period - Shot Misses the Net.
Goals for this period are 3 for Blue Jackets vs 2 for Predators.
Shots for this period are 15 for Blue Jackets vs 10 for Predators.
2nd period
0:01 of 2nd period - Peter Mueller wins face-off versus Mikael Granlund in neutral zone.
1:51 of 2nd period - Slapshot by Ryan Murray.
1:51 of 2nd period - Goal by Ryan Murray - Blue Jackets : 3 - Predators : 3.
1:52 of 2nd period - Alexander Steen wins face-off versus Pavel Datsyuk in neutral zone.
2:01 of 2nd period - Wrist shot by Artemi Panarin.
2:01 of 2nd period - Shot Misses the Net.
2:15 of 2nd period - Minor Penalty to Nik Antropov for Roughing.
2:16 of 2nd period - Pavel Datsyuk wins face-off versus Justin Abdelkader in Predators zone.
4:15 of 2nd period - Penalty to Nik Antropov is over, Nik Antropov is back on ice.
4:33 of 2nd period - Snap shot by Alexander Steen.
4:33 of 2nd period - Shot Misses the Net.
5:11 of 2nd period - Snap shot by Byron Bitz.
5:11 of 2nd period - Shot Misses the Net.
6:24 of 2nd period - Nik Antropov is hit by Rob Scuderi.
7:00 of 2nd period - Alexander Steen is hit by Peter Mueller and loses puck.
7:21 of 2nd period - Byron Bitz is hit by Rob Scuderi and loses puck.
7:51 of 2nd period - Adam Burish is hit by Rob Scuderi and loses puck.
8:22 of 2nd period - Alexander Edler is hit by Eric Wellwood and loses puck.
8:47 of 2nd period - Brendan Gallagher is hit by Mike Comrie.
9:12 of 2nd period - Ryan Murray is hit by Peter Mueller and loses puck.
9:32 of 2nd period - Nate Schmidt is hit by Branislav Mezei.
9:57 of 2nd period - Andy Miele is hit by Tyler Kennedy and loses puck.
10:10 of 2nd period - Eric Wellwood is hit by John Moore and loses puck.
10:45 of 2nd period - Snap shot by Artemi Panarin.
10:45 of 2nd period - Stopped by Anders Lindback without a rebound.
10:46 of 2nd period - Scott Laughton wins face-off versus Pavel Datsyuk in Predators zone.
10:46 of 2nd period - Scott Laughton is hit by A.J Thelen.
11:12 of 2nd period - Peter Mueller is hit by Ryan Mcdonagh and loses puck.
12:09 of 2nd period - Cody Eakin is hit by Denis Grebeshkov and loses puck.
12:55 of 2nd period - Mikael Granlund is hit by Artemi Panarin and loses puck.
13:36 of 2nd period - Cam Fowler is hit by James Van Riemsdyk and loses puck.
13:53 of 2nd period - Slapshot by Alexander Ovechkin.
13:53 of 2nd period - Stopped by Rick DiPietro with a rebound.
13:55 of 2nd period - Wrist shot by Mikael Granlund.
13:55 of 2nd period - Shot Misses the Net.
13:57 of 2nd period - Snap shot by Brendan Gallagher.
13:57 of 2nd period - Shot Misses the Net.
13:59 of 2nd period - Backhand shot by Brendan Gallagher.
13:59 of 2nd period - Shot Blocked by Mike Lundin.
14:11 of 2nd period - Alexander Edler is hit by Pavel Datsyuk and loses puck.
14:38 of 2nd period - Snap shot by Scott Laughton.
14:38 of 2nd period - Goal by Scott Laughton - Blue Jackets : 3 - Predators : 4.
14:39 of 2nd period - Pavel Datsyuk wins face-off versus Brendan Gallagher in neutral zone.
14:46 of 2nd period - Ryan Mcdonagh is hit by Branislav Mezei and loses puck.
15:01 of 2nd period - Icing by Mikael Granlund.
15:02 of 2nd period - Mikael Granlund wins face-off versus Peter Mueller in Predators zone.
15:07 of 2nd period - Slapshot by Ryan Mcdonagh.
15:07 of 2nd period - Shot Blocked by A.J Thelen.
15:31 of 2nd period - Snap shot by Brendan Gallagher.
15:31 of 2nd period - Stopped by Rick DiPietro without a rebound.
15:32 of 2nd period - Alexander Steen wins face-off versus Pavel Datsyuk in Blue Jackets zone.
15:49 of 2nd period - Wrist shot by Niclas Bergfors.
15:49 of 2nd period - Stopped by Rick DiPietro without a rebound.
15:50 of 2nd period - Devin Setoguchi wins face-off versus Andy Miele in Blue Jackets zone.
16:15 of 2nd period - Ryan Mcdonagh is hit by Mike Lundin and loses puck.
16:24 of 2nd period - Wrist shot by Andreas Nodl.
16:24 of 2nd period - Shot Blocked by Alexander Ovechkin.
17:06 of 2nd period - Wrist shot by Eric Wellwood.
17:06 of 2nd period - Shot Blocked by Alexander Edler.
17:08 of 2nd period - Slapshot by Ryan Wilson.
17:08 of 2nd period - Stopped by Anders Lindback without a rebound.
17:09 of 2nd period - Mikael Granlund wins face-off versus Pavel Datsyuk in Predators zone.
17:18 of 2nd period - Snap shot by Mikael Granlund.
17:18 of 2nd period - Stopped by Rick DiPietro with a rebound.
18:06 of 2nd period - Brendan Gallagher is hit by Cam Fowler and loses puck.
18:17 of 2nd period - Snap shot by Andreas Nodl.
18:17 of 2nd period - Shot Misses the Net.
18:19 of 2nd period - Snap shot by Max Pacioretty.
18:19 of 2nd period - Shot Misses the Net.
18:25 of 2nd period - Snap shot by Max Pacioretty.
18:25 of 2nd period - Goal by Max Pacioretty - Blue Jackets : 4 - Predators : 4.
18:26 of 2nd period - Alexander Steen wins face-off versus Pavel Datsyuk in neutral zone.
18:28 of 2nd period - Minor Penalty to Nik Antropov for Hooking.
18:29 of 2nd period - Justin Abdelkader wins face-off versus Pavel Datsyuk in Predators zone.
18:29 of 2nd period - Justin Abdelkader is hit by Cam Fowler.
19:46 of 2nd period - Pavel Datsyuk is hit by Alexander Edler and loses puck.
Goals for this period are 1 for Blue Jackets vs 2 for Predators.
Shots for this period are 3 for Blue Jackets vs 6 for Predators.
3rd period
0:01 of 3rd period - Martin Havlat wins face-off versus Justin Abdelkader in neutral zone.
0:27 of 3rd period - Icing by Mike Lundin.
0:28 of 3rd period - Penalty to Nik Antropov is over, Nik Antropov is back on ice.
0:28 of 3rd period - Peter Mueller wins face-off versus Niclas Bergfors in Blue Jackets zone.
0:56 of 3rd period - Wrist shot by Alexander Ovechkin.
0:56 of 3rd period - Deflect By Brendan Gallagher.
0:56 of 3rd period - Shot Misses the Net.
0:56 of 3rd period - Puck is out of play.
0:57 of 3rd period - Mikael Granlund wins face-off versus Pavel Datsyuk in Blue Jackets zone.
1:10 of 3rd period - Snap shot by Brendan Gallagher.
1:10 of 3rd period - Shot Misses the Net.
1:12 of 3rd period - Slapshot by Ryan Mcdonagh.
1:12 of 3rd period - Shot Misses the Net.
1:14 of 3rd period - Slapshot by Ryan Mcdonagh.
1:14 of 3rd period - Shot Blocked by Rob Scuderi.
1:16 of 3rd period - Wrist shot by Brendan Gallagher.
1:16 of 3rd period - Shot Blocked by Pavel Datsyuk.
1:18 of 3rd period - Slapshot by Alexander Edler.
1:18 of 3rd period - Deflect By Alexander Ovechkin.
1:18 of 3rd period - Stopped by Rick DiPietro with a rebound.
1:20 of 3rd period - Snap shot by Alexander Edler.
1:20 of 3rd period - Stopped by Rick DiPietro with a rebound.
1:22 of 3rd period - Slapshot by John Moore.
1:22 of 3rd period - Stopped by Rick DiPietro with a rebound.
1:28 of 3rd period - Snap shot by Alexander Ovechkin.
1:28 of 3rd period - Deflect By Mikael Granlund.
1:28 of 3rd period - Stopped by Rick DiPietro with a rebound.
1:52 of 3rd period - Wrist shot by Alexander Ovechkin.
1:52 of 3rd period - Deflect By Brendan Gallagher.
1:52 of 3rd period - Stopped by Rick DiPietro without a rebound.
1:53 of 3rd period - Peter Mueller wins face-off versus Nik Antropov in Blue Jackets zone.
2:06 of 3rd period - Slapshot by Nate Schmidt.
2:06 of 3rd period - Stopped by Rick DiPietro without a rebound.
2:07 of 3rd period - Nik Antropov wins face-off versus Peter Mueller in Blue Jackets zone.
2:39 of 3rd period - Slapshot by Nik Antropov.
2:39 of 3rd period - Stopped by Rick DiPietro with a rebound.
2:45 of 3rd period - Snap shot by Nik Antropov.
2:45 of 3rd period - Shot Misses the Net.
2:47 of 3rd period - Slapshot by Niclas Bergfors.
2:47 of 3rd period - Stopped by Rick DiPietro with a rebound.
2:49 of 3rd period - Snap shot by Nik Antropov.
2:49 of 3rd period - Stopped by Rick DiPietro with a rebound.
2:51 of 3rd period - Slapshot by Ryan Mcdonagh.
2:51 of 3rd period - Shot Misses the Net.
2:53 of 3rd period - Slapshot by Alexander Steen.
2:53 of 3rd period - Shot Misses the Net.
3:03 of 3rd period - Snap shot by Niclas Bergfors.
3:03 of 3rd period - Stopped by Rick DiPietro without a rebound.
3:04 of 3rd period - Pavel Datsyuk wins face-off versus Mikael Granlund in Blue Jackets zone.
3:22 of 3rd period - Rob Scuderi is hit by Ryan Murray and loses puck.
3:39 of 3rd period - Snap shot by Byron Bitz.
3:39 of 3rd period - Shot Misses the Net.
3:41 of 3rd period - Slapshot by James Van Riemsdyk.
3:41 of 3rd period - Stopped by Rick DiPietro without a rebound.
3:42 of 3rd period - Mike Comrie wins face-off versus Scott Laughton in Blue Jackets zone.
3:52 of 3rd period - Slapshot by Alexander Edler.
3:52 of 3rd period - Shot Misses the Net.
3:54 of 3rd period - Snap shot by Justin Abdelkader.
3:54 of 3rd period - Deflect By Adam Burish.
3:54 of 3rd period - Shot Blocked by A.J Thelen.
3:54 of 3rd period - Puck is out of play.
3:55 of 3rd period - Mikael Granlund wins face-off versus Pavel Datsyuk in Blue Jackets zone.
3:58 of 3rd period - Slapshot by Alexander Ovechkin.
3:58 of 3rd period - Stopped by Rick DiPietro without a rebound.
3:59 of 3rd period - Mikael Granlund wins face-off versus Pavel Datsyuk in Blue Jackets zone.
4:00 of 3rd period - Snap shot by Alexander Ovechkin.
4:00 of 3rd period - Stopped by Rick DiPietro without a rebound.
4:01 of 3rd period - Mikael Granlund wins face-off versus Pavel Datsyuk in Blue Jackets zone.
4:06 of 3rd period - Backhand shot by Brendan Gallagher.
4:06 of 3rd period - Shot Misses the Net.
4:24 of 3rd period - Minor Penalty to Mikael Granlund for Hooking.
4:25 of 3rd period - Pavel Datsyuk wins face-off versus Justin Abdelkader in Predators zone.
6:24 of 3rd period - Penalty to Mikael Granlund is over, Mikael Granlund is back on ice.
6:30 of 3rd period - John Moore is hit by Max Pacioretty and loses puck.
6:51 of 3rd period - Cody Eakin is hit by Byron Bitz and loses puck.
7:29 of 3rd period - Icing by Ryan Wilson.
7:30 of 3rd period - Nik Antropov wins face-off versus Mike Comrie in Blue Jackets zone.
7:31 of 3rd period - Snap shot by Niclas Bergfors.
7:31 of 3rd period - Stopped by Rick DiPietro without a rebound.
7:32 of 3rd period - Nik Antropov wins face-off versus Mike Comrie in Blue Jackets zone.
7:39 of 3rd period - Snap shot by Max Pacioretty.
7:39 of 3rd period - Stopped by Anders Lindback with a rebound.
7:51 of 3rd period - Snap shot by Andreas Nodl.
7:51 of 3rd period - Shot Blocked by Nik Antropov.
7:53 of 3rd period - Slapshot by Cam Fowler.
7:53 of 3rd period - Shot Misses the Net.
8:03 of 3rd period - Snap shot by Mike Comrie.
8:03 of 3rd period - Stopped by Anders Lindback with a rebound.
8:05 of 3rd period - Slapshot by Max Pacioretty.
8:05 of 3rd period - Deflect By Andreas Nodl.
8:05 of 3rd period - Shot Blocked by Nate Schmidt.
8:05 of 3rd period - Puck is out of play.
8:06 of 3rd period - Pavel Datsyuk wins face-off versus Mikael Granlund in Predators zone.
8:07 of 3rd period - Snap shot by Artemi Panarin.
8:07 of 3rd period - Shot Blocked by Alexander Edler.
8:12 of 3rd period - Off-side.
8:13 of 3rd period - Pavel Datsyuk wins face-off versus Mikael Granlund in neutral zone.
8:18 of 3rd period - Backhand shot by Mike Lundin.
8:18 of 3rd period - Shot Misses the Net.
8:24 of 3rd period - Wrist shot by Artemi Panarin.
8:24 of 3rd period - Stopped by Anders Lindback with a rebound.
8:38 of 3rd period - Snap shot by Alexander Ovechkin.
8:38 of 3rd period - Stopped by Rick DiPietro without a rebound.
8:39 of 3rd period - Nik Antropov wins face-off versus Peter Mueller in Blue Jackets zone.
9:02 of 3rd period - Minor Penalty to Branislav Mezei for High sticking.
9:03 of 3rd period - Artemi Panarin wins face-off versus Mikael Granlund in Blue Jackets zone.
9:38 of 3rd period - Snap shot by Alexander Steen.
9:38 of 3rd period - Shot Misses the Net.
11:02 of 3rd period - Penalty to Branislav Mezei is over, Branislav Mezei is back on ice.
11:36 of 3rd period - Slapshot by Andreas Nodl.
11:36 of 3rd period - Deflect By Mike Comrie.
11:36 of 3rd period - Stopped by Anders Lindback without a rebound.
11:37 of 3rd period - Andy Miele wins face-off versus Mike Comrie in Predators zone.
11:56 of 3rd period - Snap shot by Devin Setoguchi.
11:56 of 3rd period - Shot Misses the Net.
12:33 of 3rd period - Justin Abdelkader is hit by Mike Comrie and loses puck.
13:00 of 3rd period - Snap shot by Niclas Bergfors.
13:00 of 3rd period - Stopped by Rick DiPietro with a rebound.
13:02 of 3rd period - Snap shot by Nik Antropov.
13:02 of 3rd period - Stopped by Rick DiPietro with a rebound.
13:50 of 3rd period - Minor Penalty to A.J Thelen for Cross-checking.
13:51 of 3rd period - Mikael Granlund wins face-off versus Derek Boogaard in Blue Jackets zone.
15:13 of 3rd period - Slapshot by Branislav Mezei.
15:13 of 3rd period - Deflect By Martin Havlat.
15:13 of 3rd period - Shot Misses the Net.
15:13 of 3rd period - Puck is out of play.
15:14 of 3rd period - Mikael Granlund wins face-off versus Pavel Datsyuk in Predators zone.
15:50 of 3rd period - Penalty to A.J Thelen is over, A.J Thelen is back on ice.
16:00 of 3rd period - Wrist shot by Andreas Nodl.
16:00 of 3rd period - Shot Misses the Net.
16:08 of 3rd period - Snap shot by Mike Comrie.
16:08 of 3rd period - Stopped by Anders Lindback with a rebound.
16:22 of 3rd period - Snap shot by Peter Mueller.
16:22 of 3rd period - Stopped by Anders Lindback without a rebound.
16:23 of 3rd period - Peter Mueller wins face-off versus Nik Antropov in Predators zone.
16:26 of 3rd period - Slapshot by Devin Setoguchi.
16:26 of 3rd period - Shot Blocked by Ryan Mcdonagh.
16:46 of 3rd period - Wrist shot by Alexander Ovechkin.
16:46 of 3rd period - Shot Blocked by A.J Thelen.
16:51 of 3rd period - Off-side.
16:52 of 3rd period - James Van Riemsdyk wins face-off versus Pavel Datsyuk in neutral zone.
16:52 of 3rd period - James Van Riemsdyk is hit by Martin Havlat.
17:18 of 3rd period - Slapshot by Nate Schmidt.
17:18 of 3rd period - Shot Misses the Net.
18:00 of 3rd period - Slapshot by Cam Fowler.
18:00 of 3rd period - Deflect By Artemi Panarin.
18:00 of 3rd period - Stopped by Anders Lindback with a rebound.
18:04 of 3rd period - Wrist shot by Artemi Panarin.
18:04 of 3rd period - Stopped by Anders Lindback with a rebound.
18:28 of 3rd period - Snap shot by Tyler Kennedy.
18:28 of 3rd period - Shot Misses the Net.
18:49 of 3rd period - Snap shot by Justin Abdelkader.
18:49 of 3rd period - Stopped by Rick DiPietro with a rebound.
19:01 of 3rd period - Snap shot by Andreas Nodl.
19:01 of 3rd period - Shot Misses the Net.
19:58 of 3rd period - Minor Penalty to Adam Burish for Holding.
19:59 of 3rd period - Justin Abdelkader wins face-off versus Pavel Datsyuk in Predators zone.
Goals for this period are 0 for Blue Jackets vs 0 for Predators.
Shots for this period are 8 for Blue Jackets vs 18 for Predators.
Overtime #1
0:01 of 1st overtime period - Brendan Gallagher wins face-off versus Artemi Panarin in neutral zone.
0:12 of 1st overtime period - Wrist shot by Brendan Gallagher.
0:12 of 1st overtime period - Stopped by Rick DiPietro with a rebound.
0:26 of 1st overtime period - Mike Lundin is hit by Scott Laughton and loses puck.
0:39 of 1st overtime period - Snap shot by Ryan Mcdonagh.
0:39 of 1st overtime period - Goal by Ryan Mcdonagh - Blue Jackets : 4 - Predators : 5.
Goals for this period are 0 for Blue Jackets vs 1 for Predators.
Shots for this period are 0 for Blue Jackets vs 2 for Predators.
Back to the Top